 Dungeon Crawl Stone Soup version 0.30.1-11-g7821555f0a (webtiles) character file.

Game seed: 4278068596647768245

340 Ijustatesigmund the Trooper (level 6, -3/84 HPs)
             Began as a Hill Orc Fire Elementalist on Nov 2, 2023.
             Slain by a gnoll
             ... wielding a +0 halberd
              (8 damage)
             ... on level 4 of the Dungeon.
             The game lasted 00:07:15 (4313 turns).

Ijustatesigmund the Trooper (HOFE)                  Turns: 4313, Time: 00:07:17

Health: -3/84      AC: 23    Str: 11      XL:     6   Next: 56%
Magic:  8/9        EV:  2    Int: 16 (17) God:
Gold:   187        SH:  0    Dex: 11      Spells: 6/9 levels left

rFire   . . .        e - +0 hand axe
rCold   . . .        (no shield)
rNeg    . . .        a - melded +0 leather armour
rPois   +            d - melded +0 helmet
rElec   .            f - melded +1 cloak {rPois}
rCorr   .            (gloves currently unavailable)
SInv    +            (boots currently unavailable)
Will    .....        (no amulet)
Stlth   ++           n - ring of see invisible
HPRegen 0.34/turn    (no ring)
MPRegen 0.11/turn

%: no passive effects
@: tree-form
A: stationary, stasis, torment immunity, boosted hp
a: no special abilities


You were on level 4 of the Dungeon.
You were a tree.
You visited 1 branch of the dungeon, and saw 4 of its levels.

You collected 187 gold pieces.

Inventory:

Hand Weapons
 e - a +0 hand axe (weapon)
Armour
 a - a +0 leather armour (melded)
 d - a +0 helmet (melded)
 f - a +1 cloak of poison resistance (melded)
Jewellery
 i - a ring of ice
 n - a ring of see invisible (left branch)
Scrolls
 h - 2 scrolls of teleportation
 j - 2 scrolls of enchant weapon
 o - a scroll of immolation
Potions
 b - 2 potions of magic
 c - 2 potions of brilliance
 g - a potion of resistance
 l - a potion of flight
 m - a potion of might {unknown}


   Skills:
 - Level 5.6 Fighting
 + Level 2.0 Axes
 + Level 2.2 Armour
 - Level 1.5 Dodging
 - Level 1.5 Stealth
 + Level 2.0 Spellcasting
 + Level 1.8 Conjurations
 + Level 3.8 Fire Magic


You had 6 spell levels left.
You knew the following spells:

 Your Spells              Type           Power      Damage    Failure   Level
a - Foxfire               Conj/Fire      40%        2x1d6     6%          1
b - Scorch                Fire           28%        2d6       6%          2

Your spell library contained the following spells:

 Spells                   Type           Power      Damage    Failure   Level
 Inner Flame              Hex/Fire       7%         N/A       28%         3
 Volatile Blastmotes      Fire/Tloc      14%        2d11      28%         3
 Ensorcelled Hibernation  Hex/Ice        2%         N/A       30%         2
 Passwall                 Tmut/Erth      0%         N/A       30%         2
 Frozen Ramparts          Ice            2%         1d1       52%         3
 Summon Guardian Golem    Hex/Summ       1%         N/A       52%         3
 Swiftness                Air            1%         N/A       52%         3
 Flame Wave               Conj/Fire      10%        2d6       54%         4
 Ice Form                 Ice/Tmut       1%         N/A       90%         4
 Summon Ice Beast         Ice/Summ       1%         N/A       90%         4
 Orb of Destruction       Conj           3%         9d5       100%        7
 Spellforged Servitor     Conj/Summ      2%         N/A       100%        7


Dungeon Overview and Level Annotations

Branches:
Dungeon (4/15)
 Temple: D:4-7

Altars:
Dithmenos
Trog


Message History

The gnoll hits you but does no damage.
You hit the gnoll but do no damage.
The gnoll is lightly wounded.
You hit the gnoll. The gnoll hits you with a +0 halberd.
The gnoll completely misses you.
You hit the gnoll. You punch the gnoll, but do no damage.
The gnoll is severely wounded.
You hit the gnoll but do no damage. You closely miss the gnoll.
The gnoll hits you with a +0 flail! The gnoll hits you with a +0 halberd!
The gnoll barely misses you.
You are too injured to fight recklessly!
You are too injured to fight recklessly!
You are too injured to fight recklessly!
You are too injured to fight recklessly!
Casting: Foxfire (safe; 9% risk of failure)
Confirm with . or Enter, or press ? or * to list all spells.
You conjure some foxfire!
The gnoll misses you.
A gnoll comes into view. It is wielding a +0 spear.
The gnoll hits you with a +0 halberd.
* * * LOW HITPOINT WARNING * * *
The gnoll hits you with a +0 club.
* * * LOW HITPOINT WARNING * * *
The foxfire hits the gnoll.
The gnoll is heavily wounded.
The foxfire hits the gnoll.
The gnoll is moderately wounded.
The gnoll hits you with a +0 halberd.
* * * LOW HITPOINT WARNING * * *
The gnoll hits you with a +0 club.
* * * LOW HITPOINT WARNING * * *
The gnoll completely misses you.
Okay, then.
It was a potion of lignification.
You turn into a tree.
Your +1 cloak of poison resistance melds into your body.
Your +0 helmet melds into your body.
Your +0 leather armour melds into your body.
You no longer feel resistant to poison.
Your roots penetrate the ground.
The gnoll hits you but does no damage. The gnoll barely misses you.
The gnoll hits you with a +0 halberd!
You die...

...... # .... #. ...
####.##.##### #........#
.......†....# # #........#
##.....#.# #........#
#........###..).....#
#######...§§g#............#
..##......♣..#............# ###
#.##.....ggg.#............# ..
...#.##.........# #.#.#
....#.#.##.........#######.#.##
..........................).<>+
....###.####.......#######.#..#
......#.# ##.###### #)#..#
.<....#.# #.............#†#..#
........####.............#.#..#


You could see 4 gnolls.

Vanquished Creatures
  An ogre (D:4)
  A howler monkey (D:4)
  A hound (D:4)
  Crazy Yiuf (D:2)
  Robin (D:2)
  7 adders
  2 dart slugs
  5 orcs
  6 bats
  6 endoplasms
  4 giant cockroaches
  6 hobgoblins
  3 quokkas
  8 ball pythons
  2 frilled lizards
  17 goblins
  5 kobolds
  10 rats
86 creatures vanquished.

Vanquished Creatures (others)
  101 foxfires
101 creatures vanquished.

Grand Total: 187 creatures vanquished

Notes
Turn   | Place    | Note
-------+----------+-------------------------------------------
     0 | D:1      | Ijustatesigmund the Hill Orc Fire Elementalist began the
                  | quest for the Orb.
     0 | D:1      | Reached XP level 1. HP: 14/14 MP: 3/3
   174 | D:1      | Reached skill level 1 in Fighting
   280 | D:1      | Reached XP level 2. HP: 24/24 MP: 1/4
   323 | D:1      | Reached skill level 2 in Fighting
   377 | D:1      | Learned a level 2 spell: Scorch
   739 | D:1      | Reached skill level 3 in Fighting
   965 | D:1      | Reached XP level 3. HP: 31/31 MP: 5/5
  1605 | D:2      | Reached skill level 4 in Fighting
  1642 | D:2      | Reached XP level 4. HP: 19/41 MP: 1/6
  1771 | D:2      | Found a runed translucent door.
  1772 | D:2      | Noticed Crazy Yiuf
  1780 | D:2      | Killed Crazy Yiuf
  2059 | D:2      | Found a faded altar of an unknown god.
  2135 | D:2      | Noticed Robin
  2139 | D:2      | Reached skill level 5 in Fighting
  2163 | D:2      | Killed Robin
  2478 | D:3      | Reached XP level 5. HP: 48/48 MP: 3/7
  2847 | D:3      | Reached skill level 1 in Armour
  3425 | D:3      | Found a bloodstained altar of Trog.
  3859 | D:4      | Noticed an ogre
  3866 | D:4      | Killed an ogre
  3867 | D:4      | Reached skill level 1 in Axes
  3867 | D:4      | Reached XP level 6. HP: 56/56 MP: 0/8
  3874 | D:4      | Found a shadowy altar of Dithmenos.
  4313 | D:4      | Slain by a gnoll

Illustrated notes

Levels and vault maps discovered:
D:1:      tekkud_arrival_beachfront_property, layout_basic
D:2:      layout_rooms, basic_ecumenical_altar, st_stairs_10,
          uniq_crazy_yiuf_cottage, uniq_robin
D:3:      layout_rooms, trog_butcher_becter, st_stairs_5, kennysheep_potato
D:4:      layout_basic, nicolae_dithmenos_through_a_glass_darkly

Skill      XL: |  1  2  3  4  5  6 |
---------------+-------------------+-----
Fighting       | 1 3 4 5 |  5.6
Armour         | 1 2 |  2.2
Axes           | 1 2 |  2.0
Spellcasting   | 2 |  2.0
Dodging        | |  1.5
Stealth        | |  1.5
Conjurations   | |  1.8
Fire Magic     | |  3.8

Action                     |  1- 3 |  4- 6 || total
---------------------------+-------+-------++-------
  Melee: Spear             |    88 |    69 ||   157
         Unarmed           |     1 |       ||     1
         Hand axe          |       |    81 ||    81
         Punch             |       |     1 ||     1
   Cast: Foxfire           |    34 |    26 ||    60
         Scorch            |     4 |    16 ||    20
    Use: Potion            |     3 |     1 ||     4
         Scroll            |     1 |     6 ||     7
 Armour: Robe              |    30 |    10 ||    40
         Leather armour    |       |    79 ||    79
         Skin              |       |     1 ||     1
  Dodge: Dodged            |    70 |   114 ||   184
